 Dungeon Crawl Stone Soup version 0.30.1-9-gdf580d7c3d (webtiles) character file.

Game seed: 8003150866947865044

96 monsoonserge the Grasshopper (level 4, -9/34 HPs)
             Began as a Demonspawn Warper on Oct 25, 2023.
             Killed by divine providence
             ... invoked by an orc priest
              (10 damage)
             ... on level 3 of the Dungeon.
             The game lasted 00:03:53 (1945 turns).

monsoonserge the Grasshopper (Demonspawn Warper)    Turns: 1945, Time: 00:03:54

Health: -9/34      AC:  8    Str: 11    XL:     4   Next: 41%
Magic:  7/7        EV: 10    Int: 16    God:
Gold:   115        SH:  0    Dex: 13    Spells: 5/7 levels left

rFire   . . .        a - +0 falchion
rCold   . . .        (no shield)
rNeg    . . .        m - +0 ring mail
rPois   .            (no helmet)
rElec   .            (no cloak)
rCorr   .            (no gloves)
SInv    .            (no boots)
Will    .....        (no amulet)
Stlth   +            (no ring)
HPRegen 0.25/turn    (no ring)
MPRegen 0.20/turn

%: no passive effects
@: no status effects
A: slimy green scales 2, magic regeneration
a: no special abilities


You were on level 3 of the Dungeon.
You visited 1 branch of the dungeon, and saw 3 of its levels.

You collected 115 gold pieces.

Inventory:

Hand Weapons
 a - a +0 falchion (weapon)
 o - a +0 dagger
Missiles
 d - 7 boomerangs of dispersal (quivered)
Armour
 b - a +0 leather armour
 m - a +0 ring mail (worn)
Scrolls
 c - a scroll of blinking
 g - a scroll of fear {unknown}
 h - 6 scrolls of identify {unknown}
 i - a scroll of enchant weapon {unknown}
 j - a scroll of vulnerability {unknown}
 k - 2 scrolls of teleportation {unknown}
 n - a scroll of fog {unknown}
 q - a scroll of magic mapping {unknown}
 r - a scroll of noise {unknown}
Potions
 e - 2 potions of curing {unknown}
 f - a potion of resistance {unknown}
 l - a potion of lignification {unknown}
 p - a potion of might {unknown}
 s - 2 potions of cancellation {unknown}
 t - a potion of mutation {unknown}
 u - a potion of invisibility {unknown}
 v - 2 potions of ambrosia {unknown}


   Skills:
 + Level 2.8 Fighting
 + Level 2.7 Long Blades
 + Level 0.8 Throwing
 * Level 1.5 Armour
 + Level 2.1 Dodging
 + Level 0.4 Stealth
 - Level 2.0 Spellcasting
 * Level 3.2 Translocations


You had 5 spell levels left.
You knew the following spells:

 Your Spells              Type           Power      Damage    Failure   Level
a - Blink                 Tloc           22%        N/A       21%         2

Your spell library contained the following spells:

 Spells                   Type           Power      Damage    Failure   Level
 Lesser Beckoning         Tloc           22%        N/A       21%         2
 Teleport Other           Tloc           11%        N/A       36%         3
 Vhi's Electric Charge    Tloc/Air       12%        N/A       58%         3
 Manifold Assault         Tloc           11%        N/A       78%         4


Dungeon Overview and Level Annotations

Branches:
Dungeon (3/15)

Altars:

Shops:
D:1 :(:(   D:2 :


Innate Abilities, Weirdness & Mutations

You are mostly covered in slimy green scales. (AC +3)
You regenerate magic rapidly.


Message History

Things that are here:
a +0 whip; a boomerang; an orc corpse You closely miss the orc.
The orc hits you but does no damage.
You hit the orc but do no damage. The orc closely misses you.
You hit the orc.
The orc is almost dead.
The orc barely misses you. The orc hits you with a +0 club.
You barely miss the orc.
The orc is almost dead.
The orc barely misses you.
You hit the orc but do no damage.
The orc is almost dead.
The orc priest calls upon Beogh to heal the orc.
The orc is healed somewhat.
The orc barely misses you.
You closely miss the orc.
The orc is lightly wounded.
The orc hits you but does no damage.
You hit the orc but do no damage.
The orc is lightly wounded.
The orc hits you with a +0 club.
You hit the orc.
You kill the orc!
You slash the orc priest!
The orc priest is heavily wounded.
The orc priest mumbles some strange prayers to Beogh against you.
Beogh smites you!
You hit the orc priest.
The orc priest is severely wounded.
The orc priest calls down the wrath of Beogh upon you.
Pain shoots through your body! The orc priest barely misses you.
You closely miss the orc priest.
The orc priest is severely wounded.
The orc priest mumbles some strange prayers to Beogh against you.
Beogh smites you!
* * * LOW HITPOINT WARNING * * *
You hit the orc priest but do no damage.
The orc priest is severely wounded.
The orc priest invokes the aid of Beogh against you.
Beogh smites you!
You die...

##.## ##### #.#
#...###.).### #.#
.._.....P...###.##
#...###...#......# ##.##
#########.######### #.#
#.##.............# ##.##
#....#######...#.#
#...#######.######......#
#.P.#..........o@.......#
#...#######.######......##
##.##.# #.# ##......## ##
......#####.# #........ .#
.[..........# #..#.....#
.# #>....#...###
###..##)###.#.#
#..........##
#....#))####..#
###.........#
#.#.##....##..#
#.##.....##
#.#.##........#


You could see an orc priest.

Vanquished Creatures
  Jessica (D:3)
  An adder (D:2)
  A gnoll (D:1)
  5 orcs (D:3)
  3 bats
  2 endoplasms (D:1)
  2 giant cockroaches (D:1)
  6 goblins
  8 hobgoblins
  A jackal (D:3)
  2 ball pythons
  3 frilled lizards (D:1)
  4 kobolds
  4 rats
43 creatures vanquished.

Notes
Turn   | Place    | Note
-------+----------+-------------------------------------------
     0 | D:1      | monsoonserge the Demonspawn Warper began the quest for the
                  | Orb.
     0 | D:1      | Reached XP level 1. HP: 16/16 MP: 3/3
    13 | D:1      | Found Tyiwaxt's Antique Weapon Boutique.
   187 | D:1      | You fall into a shaft and drop 1 floor!
   214 | D:2      | Reached skill level 1 in Armour
   214 | D:2      | Gained mutation: You are partially covered in slimy green
                  | scales. (AC +2) [demonic ancestry]
   214 | D:2      | Reached XP level 2. HP: 22/22 MP: 5/5
   368 | D:1      | Found Gicyig's Book Emporium.
   403 | D:1      | Reached skill level 3 in Translocations
   413 | D:1      | Learned a level 2 spell: Blink
   452 | D:1      | Gained mutation: You regenerate magic rapidly. [demonic
                  | ancestry]
   452 | D:1      | Reached XP level 3. HP: 23/28 MP: 6/6
   536 | D:1      | Found Jotazog's Antique Weapon Emporium.
   549 | D:1      | Found Poamykun's Book Shop.
  1020 | D:2      | Found Goevusis's Book Emporium.
  1737 | D:3      | Noticed Jessica
  1740 | D:3      | Killed Jessica
  1741 | D:3      | Gained mutation: You are mostly covered in slimy green
                  | scales. (AC +3) [demonic ancestry]
  1741 | D:3      | Reached XP level 4. HP: 34/34 MP: 7/7
  1944 | D:3      | HP: 1/34 [orc priest/divine providence (14)]
  1945 | D:3      | Killed from afar by an orc priest

Illustrated notes

Levels and vault maps discovered:
D:1:      dpeg_arrival_stone_temple_mockup, layout_basic, serial_shops, shop,
          shop, nicolae_shop_behind_doors, shop, amethyst_killhole
D:2:      layout_basic, serial_shops, shop
D:3:      layout_loops_ring, elyvilon_altar_1, minmay_surrounded, uniq_jessica

Skill      XL: |  1  2 |
---------------+-------+-----
Armour         | 1 |  1.5
Long Blades    | 2 |  2.7
Dodging        | 2 |  2.1
Translocations | 3 |  3.2
Fighting       | |  2.8
Throwing       | |  0.8
Stealth        | |  0.4
Spellcasting   | |  2.0

Action                     |  1- 3 |  4- 6 || total
---------------------------+-------+-------++-------
  Melee: Falchion          |   123 |    38 ||   161
         Punch             |     1 |       ||     1
   Cast: Blink             |     1 |       ||     1
 Armour: Leather armour    |    33 |       ||    33
         Ring mail         |    19 |    10 ||    29
  Dodge: Dodged            |    57 |    26 ||    83
